 Dungeon Crawl Stone Soup version 0.31.0-9-g3a7656b989 (webtiles) character file.

Game seed: 8011013630149916300

6578 stipulation the Thaumaturge (level 11, 0/49 HPs)
             Began as a Vine Stalker Necromancer on Jan 25, 2024.
             Was a Believer of Sif Muna.
             Slain by a killer bee (4 damage)
             ... on level 9 of the Dungeon.
             The game lasted 00:29:27 (11344 turns).

stipulation the Thaumaturge (VSNe)                 Turns: 11344, Time: 00:29:27

Health: 0/49       AC:  4    Str: 10    XL:     11   Next: 1%
Magic:  0/27       EV: 12    Int: 19    God:    Sif Muna [**....]
Gold:   326        SH:  0    Dex: 16    Spells: 22/33 levels left

rFire   . . .        y - +2 dagger (venom)
rCold   . . .        (no shield)
rNeg    . . .        a - +0 robe
rPois   .            (no helmet)
rElec   .            D - +0 cloak
rCorr   .            (no gloves)
SInv    .            i - +0 pair of boots
Will    +....        (no amulet)
Stlth   ++           (no ring)
HPRegen 1.08/turn    (no ring)
MPRegen 0.20/turn

%: guardian spirit
@: animating dead
A: fangs 3, regeneration 1, magic shield, antimagic bite, no potion heal 2
a: Renounce Religion, Channel Magic


You were on level 9 of the Dungeon.
You worshipped Sif Muna.
Sif Muna was pleased with you.
You visited 1 branch of the dungeon, and saw 9 of its levels.

You collected 389 gold pieces.
You spent 63 gold pieces at shops.

Inventory:

Hand Weapons
 d - a +0 dagger
 j - a +0 short sword
 y - a +2 dagger of venom (weapon)
Armour
 a - a +0 robe (worn)
 i - a +0 pair of boots (worn)
 D - a +0 cloak (worn)
Jewellery
 b - an amulet of magic regeneration
 k - an amulet of reflection
Wands
 E - a wand of flame (5)
Scrolls
 c - a scroll of blinking {unknown}
 e - 2 scrolls of noise
 f - a scroll of poison {unknown}
 h - a scroll of vulnerability
 n - a scroll of brand weapon {unknown}
 o - 2 scrolls of enchant weapon
 p - a scroll of torment {unknown}
 r - 2 scrolls of immolation {unknown}
 s - 2 scrolls of revelation {unknown}
 t - a scroll of amnesia {unknown}
 v - 2 scrolls of teleportation {unknown}
 w - a scroll of identify
 C - a scroll of enchant armour {unknown}
Potions
 g - 2 potions of enlightenment
 l - 4 potions of curing
 q - 2 potions of attraction
 u - 3 potions of heal wounds
 x - a potion of invisibility {unknown}
 z - a potion of haste
 A - a potion of brilliance
 B - a potion of berserk rage {unknown}
 F - a potion of might {unknown}


   Skills:
 + Level 1.5 Fighting
 - Level 1.5 Dodging
 - Level 2.4 Stealth
 + Level 11.8 Spellcasting
 - Level 4.0 Conjurations
 - Level 6.5 Necromancy
 - Level 4.0 Translocations
 * Level 5.2 Fire Magic
 - Level 4.0 Invocations
 - Level 4.0 Evocations


You had 22 spell levels left.
You knew the following spells:

 Your Spells              Type           Power      Damage    Failure   Level
a - Necrotise             Necr           100%       1d9       1%          1
b - Vampiric Draining     Necr           35%        2d8       1%          3
c - Blink                 Tloc           52%        N/A       1%          2
d - Magic Dart            Conj           100%       1d8       1%          1
e - Animate Dead          Necr           35%        N/A       4%          4

Your spell library contained the following spells:

 Spells                   Type           Power      Damage    Failure   Level
 Inner Flame              Hex/Fire       21%        N/A       6%          3
 Call Imp                 Summ           22%        N/A       10%         2
 Flame Wave               Conj/Fire      28%        2d9       10%         4
 Curse of Agony           Necr           35%        N/A       12%         5
 Sticky Flame             Fire/Alch      21%        2d6       22%         4
 Chain Lightning          Conj/Air       9%         3d12      100%        9
 Fire Storm               Conj/Fire      14%        8d4       100%        9
 Shatter                  Erth           5%         3d8*      100%        9


Dungeon Overview and Level Annotations

Branches:
Dungeon (9/15)             Temple (0/1) D:7
   Lair: D:8-11         Orc: D:9-12

Altars:
Ashenzari
Fedhas
Makhleb
Qazlal
Ru
Sif Muna
Uskayaw
Wu Jian
Xom

Shops:
D:9 [

Annotations:
D:7 3 runed translucent doors, Biggs's ghost, novice HOFi
D:9 1 runed translucent door, Xavori's ghost, novice DjCK


Innate Abilities, Weirdness & Mutations

You have razor-sharp teeth.
Your natural rate of healing is unusually fast.
When hurt, damage is shared between your health and your magic reserves.
Your bite disrupts and absorbs the magic of your enemies.
Potions cannot restore your health.


Message History

You draw life force from the killer bee.
You kill the killer bee!
Sif Muna accepts your kill.
You feel life coursing into your body.
The dead are flying!
You feel sick. The killer bee stings you! The killer bee barely misses you. x2
The killer bee closely misses you.
Your system rejects the healing.
You feel better. The killer bee completely misses you.
The killer bee misses you. The killer bee stings you.
* * * LOW HITPOINT WARNING * * *
You are poisoned.
The killer bee poisons you! The killer bee closely misses you.
You hit the killer bee but do no damage.
The killer bee is poisoned.
Your bite misses the killer bee.
You feel very sick.
Your killer bee zombie hits the killer bee.
The killer bee stings your killer bee zombie!
The killer bee stings you.
* * * LOW HITPOINT WARNING * * *
Your killer bee zombie barely misses the killer bee.
The killer bee closely misses your killer bee zombie.
The killer bee stings you.
* * * LOW HITPOINT WARNING * * *
Your system rejects the healing.
You feel better.
The killer bee barely misses your killer bee zombie.
The killer bee barely misses you.
Your killer bee zombie hits the killer bee.
The killer bee closely misses your killer bee zombie.
The killer bee stings you.
* * * LOW HITPOINT WARNING * * *
Your killer bee zombie closely misses the killer bee.
Okay, then.
Okay, then.
You hit the killer bee but do no damage.
The killer bee looks as sick as possible!
The killer bee is almost dead.
You kill the killer bee!
Sif Muna accepts your kill. The killer bee stings you.
You die...

.........## .........#
>..#.....## ..######..##
### #### .######....##
##.###..##
.###........####........#
.#.....................##
...............y.)...###
...............†@.####
..............Z.###
................'$[#
...).......).)#.y#!#
......[.....)[†.'( #
......[..<.####.###
...........# '....gg.#
...........# '.#......
...........# '...##...


You could see a killer bee and a friendly killer bee zombie.

Vanquished Creatures
  Grinder (D:3)
  Sigmund (D:3)
  12 yaks
  2 wyverns (D:8)
  A wraith (D:9)
  3 water moccasins
  3 orc warriors
  A sky beast (D:7)
  2 ice beasts
  3 ogres (D:5)
  3 phantoms
  A kobold brigand (D:5)
  A bullfrog (D:5)
  A gnoll sergeant (D:9)
  8 scorpions
  3 wights (D:6)
  11 killer bees
  4 howler monkeys
  2 bombardier beetles (D:4)
  2 gnoll boudas
  7 hounds
  7 orc priests
  3 sleepcaps
  2 iguanas (D:7)
  9 orc wizards
  17 gnolls
  9 adders
  A shadow imp (D:6)
  4 white imps
  2 ufetubi (D:6)
  A ribbon worm (D:2)
  23 orcs
  12 bats
  5 endoplasms
  4 giant cockroaches
  8 goblins
  7 hobgoblins
  9 jackals
  6 quokkas
  6 ball pythons
  3 frilled lizards
  6 kobolds
  5 rats
221 creatures vanquished.

Vanquished Creatures (collateral kills)
  A gnoll (D:2)
  An adder (D:6)
  A hobgoblin (D:1)
  A quokka (D:1)
  A rat (D:1)
5 creatures vanquished.

Grand Total: 226 creatures vanquished

Notes
Turn   | Place    | Note
-------+----------+-------------------------------------------
     0 | D:1      | stipulation the Vine Stalker Necromancer began the quest
                  | for the Orb.
     0 | D:1      | Reached XP level 1. HP: 9/9 MP: 4/4
   157 | D:1      | Reached XP level 2. HP: 13/13 MP: 0/6
   494 | D:1      | Reached XP level 3. HP: 12/16 MP: 4/8
   500 | D:1      | Reached skill level 3 in Spellcasting
  1033 | D:2      | Reached XP level 4. HP: 21/21 MP: 7/10
  1426 | D:2      | Reached skill level 5 in Necromancy
  1631 | D:2      | Reached XP level 5. HP: 24/24 MP: 9/11
  2017 | D:2      | Learned a level 3 spell: Vampiric Draining
  2059 | D:3      | Noticed Sigmund
  2106 | D:3      | Noticed Grinder
  2150 | D:3      | Killed Grinder
  2151 | D:3      | Reached skill level 4 in Spellcasting
  2151 | D:3      | Reached XP level 6. HP: 28/28 MP: 9/14
  2486 | D:3      | Killed Sigmund
  2487 | D:3      | Reached skill level 5 in Spellcasting
  2487 | D:3      | Reached XP level 7. HP: 30/32 MP: 7/16
  2778 | D:4      | Found a shimmering altar of Xom.
  2930 | D:4      | Reached skill level 6 in Spellcasting
  3242 | D:4      | Found a shimmering blue altar of Sif Muna.
  3508 | D:5      | Entered Level 5 of the Dungeon
  3802 | D:4      | Reached skill level 7 in Spellcasting
  4113 | D:5      | Gained mutation: You have razor-sharp teeth. [Vine Stalker
                  | growth]
  4113 | D:5      | Reached XP level 8. HP: 11/36 MP: 2/20
  4326 | D:5      | Reached skill level 8 in Spellcasting
  4485 | D:5      | Found a burning altar of Makhleb.
  4568 | D:4      | Became a worshipper of Sif Muna the Loreminder
  4572 | D:4      | Learned a level 2 spell: Blink
  4789 | D:5      | Reached skill level 1 in Translocations
  4789 | D:5      | Reached skill level 1 in Invocations
  5432 | D:6      | Reached skill level 9 in Spellcasting
  5716 | D:6      | Learned a level 1 spell: Magic Dart
  5803 | D:6      | Reached skill level 1 in Evocations
  5803 | D:6      | Reached XP level 9. HP: 36/39 MP: 13/23
  5932 | D:6      | Reached skill level 1 in Conjurations
  6382 | D:6      | Reached * piety under Sif Muna
  7340 | D:7      | Noticed Biggs's ghost (novice HOFi)
  7619 | D:7      | Reached ** piety under Sif Muna
  7743 | D:7      | Found a staircase to the Ecumenical Temple.
  7782 | D:7      | Found a runed translucent gate.
  7782 | D:7      | Found a runed translucent gate.
  7782 | D:7      | Found a runed translucent gate.
  8052 | D:7      | Learned a level 4 spell: Animate Dead
  8091 | D:7      | Reached XP level 10. HP: 40/44 MP: 6/24
  8218 | D:8      | Reached skill level 10 in Spellcasting
  8755 | D:8      | Found a blossoming altar of Fedhas.
  8755 | D:8      | Found a hide-covered altar of Uskayaw.
  8930 | D:8      | Found an ornate altar of the Wu Jian Council.
  8933 | D:8      | Found a sacrificial altar of Ru.
  8935 | D:8      | Found a stormy altar of Qazlal.
  9101 | D:9      | Reached skill level 11 in Spellcasting
  9272 | D:9      | Reached skill level 1 in Fire Magic
 10586 | D:9      | Found Weyj's Armour Shoppe.
 10594 | D:9      | Bought a +0 cloak for 63 gold pieces
 10938 | D:9      | Reached skill level 1 in Fighting
 11028 | D:9      | Found a broken altar of Ashenzari.
 11073 | D:9      | Found a runed translucent gate.
 11073 | D:9      | Noticed Xavori's ghost (novice DjCK)
 11075 | D:9      | Identified the +3 plate armour "Tegocrec" {rC+ Int+3}
 11187 | D:9      | Reached skill level 5 in Fire Magic
 11194 | D:9      | Reached XP level 11. HP: 25/49 MP: 3/27
 11344 | D:9      | Slain by a killer bee

Illustrated notes

Levels and vault maps discovered:
D:1:      dpeg_arrival_yet_another_circle, layout_rooms
D:2:      layout_basic
D:3:      layout_rooms, nicolae_the_louvre, uniq_sigmund, uniq_grinder
D:4:      layout_loops_ring, mainiacjoe_overflow_boulevard,
          mainiacjoe_overflow_concentric_impassable
D:5:      minmay_diamond_boxcup, layout_basic, nicolae_overflow_crystal_walls
D:6:      old_forge, layout_basic
D:7:      layout_basic, minmay_temple_entry_nine_rooms, gammafunk_ghost_icy
D:8:      layout_rooms, chequers_temple_overflow_minitemple
D:9:      layout_cave_pods, kennysheep_mini_moat, general_overflow_altar,
          serial_column_ruins, column_ruins_grid_3, column_ruins_grid_1,
          column_ruins_grid_1, column_ruins_grid_1, column_ruins_grid_1,
          column_ruins_corridor_straight, biasface_ghost_orc_armoury,
          serial_shops, shop, eino_jars

Skill      XL: |  1  2  3  4  5  6  7  8  9 10 |
---------------+-------------------------------+-----
Spellcasting   | 3 4 5 7 9 11 | 11.8
Necromancy     | 5 6 |  6.5
Translocations | 2 4 |  4.0
Invocations    | 2 4 |  4.0
Evocations     | 1 3 4 |  4.0
Conjurations   | 3 4 |  4.0
Fire Magic     | 5 |  5.2
Fighting       | 1 |  1.5
Dodging        | |  1.5
Stealth        | |  2.4

Action                     |  1- 3 |  4- 6 |  7- 9 | 10-12 || total
---------------------------+-------+-------+-------+-------++-------
  Melee: Dagger            |    22 |       |   143 |   126 ||   291
         Bite              |    14 |    12 |    65 |    48 ||   139
         Short sword       |    26 |    31 |    32 |       ||    89
         Punch             |       |       |     5 |     6 ||    11
   Cast: Necrotise         |    51 |    49 |   188 |    99 ||   387
         Vampiric Draining |       |       |    49 |    56 ||   105
         Magic Dart        |       |       |     3 |     1 ||     4
         Animate Dead      |       |       |     1 |     2 ||     3
         Blink             |       |       |       |     2 ||     2
 Invoke: Channel Magic     |       |       |     1 |     1 ||     2
  Evoke: Wand              |       |       |     7 |    11 ||    18
    Use: Scroll            |       |     1 |     5 |     3 ||     9
         Potion            |       |       |     1 |     6 ||     7
   Stab: Sleeping          |       |     1 |       |     1 ||     2
         Paralysed         |       |       |     7 |     2 ||     9
 Armour: Robe              |    44 |    19 |   178 |   204 ||   445
  Dodge: Dodged            |    57 |    14 |   179 |   163 ||   413
